 Dungeon Crawl Stone Soup version 0.28.0-53-g5a82cb258f (webtiles) character file.

Game seed: 12837710394509857384

88 Sin92 the Skirmisher (level 4, 0/52 HPs)
             Began as a Demonspawn Fighter on June 28, 2022.
             Was a Follower of Uskayaw.
             Slain by an orc wizard
             ... wielding a +0 dagger
              (4 damage)
             ... on level 4 of the Dungeon.
             The game lasted 00:05:36 (2550 turns).

Sin92 the Skirmisher (Demonspawn Fighter)           Turns: 2550, Time: 00:05:36

Health: 0/52       AC:  6    Str: 18    XL:     4   Next: 29%
Magic:  4/4        EV:  9    Int:  9    God:    Uskayaw [*.....]
Gold:   111        SH:  5    Dex: 13    Spells: 3/3 levels left

rFire   . . .      SeeInvis .   a - +1 war axe
rCold   . . .      Faith    .   c - +1 buckler
rNeg    . . .      Spirit   .   b - +0 scale mail
rPois   .          Reflect  .   (no helmet)
rElec   .          Harm     .   (no cloak)
rCorr   .          Rampage  .   (no gloves)
Will    .....                   (no boots)
Stlth   ..........              (no amulet)
HPRegen 0.17/turn               (no ring)
MPRegen 0.09/turn               (no ring)

@: berserking, very quick
A: hooves 1, demonic guardian 1
a: Renounce Religion, Stomp


You were on level 4 of the Dungeon.
You worshipped Uskayaw.
Uskayaw was noncommittal.
You visited 1 branch of the dungeon, and saw 4 of its levels.

You collected 111 gold pieces.

Inventory:

Hand Weapons
 a - a +1 war axe (weapon)
Armour
 b - a +0 scale mail (worn)
 c - a +1 buckler (worn)
Jewellery
 k - a ring of flight
Wands
 f - a wand of polymorph (5)
Scrolls
 h - a scroll of identify
Potions
 d - a potion of might
 i - a potion of resistance {unknown}
 j - a potion of haste {unknown}


   Skills:
 + Level 3.3 Fighting
 * Level 2.7 Axes
 + Level 3.1 Armour
 + Level 1.1 Dodging
 + Level 3.1 Shields
 + Level 1.0 Invocations


You had 3 spell levels left.
You didn't know any spells.
Your spell library contained the following spells:

 Spells                   Type           Power      Damage    Failure   Level
 Ensorcelled Hibernation  Hex/Ice        0%         N/A       94%         2
 Sublimation of Blood     Necr           0%         N/A       94%         2
 Spider Form              Tmut/Pois      0%         N/A       99%         3
 Anguish                  Hex/Necr       0%         N/A       100%        4
 Petrify                  Tmut/Erth      0%         N/A       100%        4
 Freezing Cloud           Conj/Ice/Air   0%         6-21      100%        5
 Irradiate                Conj/Tmut      0%         3d14      100%        5
 Simulacrum               Ice/Necr       0%         N/A       100%        6
 Polar Vortex             Ice            0%         N/A       100%        9


Dungeon Overview and Level Annotations

Branches:
Dungeon (4/15)
 Temple: D:4-7

Altars:
Ashenzari
Uskayaw


Innate Abilities, Weirdness & Mutations

You have large cloven feet.
A weak demonic guardian rushes to your aid.


Message History

A demonic guardian appears!
Something hits you.
* * * LOW HITPOINT WARNING * * *
Your iron imp barely misses the orc wizard.
Unknown command.
You bump into the rock wall.
Your iron imp hits the orc wizard!
Something completely misses you.
You can no longer pass through a line of other dancers.
You miss the orc wizard. Your kick misses the orc wizard.
The orc wizard is heavily wounded.
You miss something. x2; Something barely misses the orc wizard.
You hear some strange, mumbled words.
A magic dart appears from out of thin air!
The magic dart hits you.
* * * LOW HITPOINT WARNING * * *
Your iron imp closely misses something.
The orc wizard hits you but does no damage.
Something hits you but does no damage.
Something misses the orc wizard.
It was a potion of cancellation.
Your magical effects are unravelling.
You feel magically purged.
You feel less confused. Something hits you.
* * * LOW HITPOINT WARNING * * *
The orc wizard completely misses you. Something hits you.
* * * LOW HITPOINT WARNING * * *
Your iron imp barely misses something.
It was a potion of berserk rage.
A red film seems to cover your vision as you go berserk!
You feel yourself moving faster!
You feel mighty!
You hear some strange, mumbled words.
Something tries to affect you, but you resist.
The orc wizard gestures at you while chanting.
The puff of flame misses you. Something hits you but does no damage.
Something hits your iron imp but does no damage.
You closely miss the orc wizard.
The orc wizard is heavily wounded.
You closely miss something. You barely miss something.
The orc wizard barely misses you. Something hits you.
You die...

.#.# #.# #.#.#....###
..####.####..........#
..#.........##..####.# #
#.#.........##..#
..#.#.........##..#######
#.#.####.#######.(......#
......)..# $(.#.######.#
###.######.###.#†#
.#(.#.........{.@#
.#..#.####.!...{o#
........##..###.5######.#
.#..........#.#.........#
..........# #.###.)......
.#.##.....#..:..#.#.#####
##.# .###.###.#'#.#.# #.#
.. ...#.#.... . #<#
.###..###.... ##


You could see an orc wizard (ally target) and a friendly iron imp (summoned).

Vanquished Creatures
  3 adders
  A worm (D:3)
  An orc (D:3)
  7 ball pythons
  2 endoplasms (D:1)
  4 goblins
  7 hobgoblins
  4 quokkas
  2 bats
  3 frilled lizards
  5 kobolds
  3 rats
42 creatures vanquished.

Vanquished Creatures (collateral kills)
  An adder (D:2)
  A bat (D:1)
  A hobgoblin (D:4)
  A goblin (D:3)
4 creatures vanquished.

Grand Total: 46 creatures vanquished

Notes
Turn   | Place    | Note
-------+----------+-------------------------------------------
     0 | D:1      | Sin92 the Demonspawn Fighter began the quest for the Orb.
     0 | D:1      | Reached XP level 1. HP: 18/18 MP: 1/1
   395 | D:1      | Found a faded altar of an unknown god.
   421 | D:1      | Gained mutation: A weak demonic guardian rushes to your
                  | aid. [demonic ancestry]
   421 | D:1      | Reached XP level 2. HP: 24/24 MP: 2/2
   780 | D:1      | Prayed at the altar of an unknown god.
   780 | D:1      | Became a worshipper of Uskayaw the Reveller
   780 | D:1      | Reached * piety under Uskayaw
   885 | D:2      | Found a broken altar of Ashenzari.
   975 | D:2      | Reached ** piety under Uskayaw
   978 | D:2      | Gained mutation: You have large cloven feet. [demonic
                  | ancestry]
   978 | D:2      | Reached XP level 3. HP: 26/29 MP: 3/3
  1339 | D:2      | Reached skill level 1 in Dodging
  1993 | D:3      | Reached skill level 1 in Invocations
  1993 | D:3      | Reached XP level 4. HP: 29/35 MP: 4/4
  2550 | D:4      | Slain by an orc wizard

Illustrated notes

Levels and vault maps discovered:
D:1:      lordsloth_arrival_two_stooges, layout_basic,
          chequers_ecumenical_altar_simple, feat_on_display
D:2:      layout_basic, basic_altar
D:3:      layout_loops_ring, minivault_14, minmay_statues_item
D:4:      layout_basic, minmay_temple_entry_crystal_x,
          minmay_a_box_with_orc_wizards_in_it

Skill      XL: |  1  2  3 |
---------------+----------+-----
Axes           | 2 |  2.7
Shields        | 3 |  3.1
Dodging        | 1 |  1.1
Armour         | 3 |  3.1
Invocations    | 1 |  1.0
Fighting       | |  3.3

Action                   |  1- 3 |  4- 6 || total
-------------------------+-------+-------++-------
Melee: War axe           |    98 |    26 ||   124
       Kick              |    10 |     3 ||    13
  Use: Scroll            |     6 |       ||     6
       Potion            |       |     2 ||     2
Armor: Scale mail        |    49 |    16 ||    65
Dodge: Dodged            |    43 |    11 ||    54
Block: Buckler           |    27 |     2 ||    29
